 Dungeon Crawl Stone Soup version 0.27-a0-1278-g6cbc8dfb29 (webtiles) character file.

Game seed: 5376848850227580847

21 trckry the Vexing (level 2, -2/16 HPs)
             Began as a Deep Elf Arcane Marksman on June 13, 2021.
             Slain by a hound (5 damage)
             ... on level 2 of the Dungeon.
             The game lasted 00:03:37 (1609 turns).

trckry the Vexing (Deep Elf Arcane Marksman)        Turns: 1609, Time: 00:03:38

Health: -2/16      AC:  2    Str:  7    XL:     2   Next: 65%
Magic:  6/6        EV: 12    Int: 17    God:
Gold:   36         SH:  0    Dex: 15    Spells: 3/4 levels left

rFire    . . .     SeeInvis .   a - +0 shortbow
rCold    . . .     Faith    .   (shield currently unavailable)
rNeg     . . .     Spirit   .   e - +0 robe
rPois    .         Reflect  .   (no helmet)
rElec    .         Harm     .   (no cloak)
rCorr    .         Rampage  .   (no gloves)
Will     .....                  (no boots)
Stlth    +.........             i - amulet of the acrobat
HPRegen  0.05/turn              (no ring)
MPRegen  0.10/turn              (no ring)

@: no status effects
A: no striking features
a: no special abilities


You were on level 2 of the Dungeon.
You visited 1 branch of the dungeon, and saw 2 of its levels.

You collected 36 gold pieces.

Inventory:

Hand Weapons
 a - a +0 shortbow (weapon)
 b - a +0 dagger of venom
Missiles
 d - 50 arrows (quivered ammo)
Armour
 e - a +0 robe (worn)
Jewellery
 i - an amulet of the acrobat (around neck)
Scrolls
 c - a scroll of identify {unknown}
 f - a scroll of torment {unknown}
 g - a scroll of silence {unknown}
 j - a scroll of teleportation {unknown}
Potions
 h - a potion of brilliance {unknown}


   Skills:
 - Level 0.7 Fighting
 + Level 0.3 Short Blades
 * Level 3.6 Bows
 - Level 2.4 Dodging
 - Level 1.5 Spellcasting
 + Level 4.6 Hexes


You had 3 spell levels left.
You knew the following spells:

 Your Spells              Type           Power      Damage    Failure   Level
a - Corona                Hex            18%        N/A       3%          1

Your spell library contained the following spells:

 Spells                   Type           Power      Damage    Failure   Level
 Slow                     Hex            17%        N/A       4%          2
 Inner Flame              Hex/Fire       9%         N/A       24%         3
 Portal Projectile        Hex/Tloc       18%        N/A       24%         3
 Cause Fear               Hex            8%         N/A       30%         4
 Leda's Liquefaction      Hex/Erth       4%         N/A       61%         4


Dungeon Overview and Level Annotations

Branches:
Dungeon (2/15)

Altars:


Message History

The hound is outlined in light.
You now have 5/6 mp.
You shoot an arrow. The arrow barely misses the hound.
The hound bites you. The hound closely misses you.
You take 2 damage, and have 14/16 hp.
You shoot an arrow. The arrow closely misses the hound.
The hound bites you but does no damage. The hound closely misses you.
You shoot an arrow. The arrow hits the hound.
The hound is moderately wounded.
The hound completely misses you.
You shoot an arrow. The arrow hits the hound.
The hound is heavily wounded.
The hound misses you. The hound bites you but does no damage.
You shoot an arrow. The arrow hits the hound.
The hound is heavily wounded.
The hound stops glowing.
The hound bites you. The hound misses you.
You take 3 damage, and have 11/16 hp.
You are too injured to fight recklessly!
Fire: 53 arrows
Press: ? - help, Q - select action, (/) - cycle Shift-Dir - straight line, f/p - hound
Aim: a hound (heavily wounded, 48% to hit)
You shoot an arrow. The arrow hits the hound!
The hound is almost dead.
The hound bites you.
You take 3 damage, and have 8/16 hp.
Fire: 52 arrows
Press: ? - help, Q - select action, (/) - cycle Shift-Dir - straight line, f/p - hound
Aim: a hound (almost dead, 48% to hit)
You shoot an arrow. The arrow barely misses the hound.
The hound bites you.
* * * LOW HITPOINT WARNING * * *
The hound closely misses you.
You take 5 damage, and have 3/16 hp.
MASSIVE DAMAGE!!
Fire: 51 arrows
Press: ? - help, Q - select action, (/) - cycle Shift-Dir - straight line, f/p - hound
Aim: a hound (almost dead, 48% to hit)
You shoot an arrow. The arrow hits the hound.
The hound is almost dead.
The hound barely misses you. The hound bites you.
You die...

#########
#######.hB.....
.......@#####
##..........#
#..........#
#..........#
#..........#
##..........#
#...........#
............#
##..........#


You could see a hound and a giant cockroach.

Vanquished Creatures
  A ball python (D:1)
  3 bats (D:1)
  5 endoplasms
  A giant cockroach (D:1)
  3 goblins (D:1)
  A hobgoblin (D:1)
  A quokka (D:1)
  A kobold (D:2)
  A rat (D:1)
17 creatures vanquished.

Notes
Turn   | Place    | Note
-------+----------+-------------------------------------------
     0 | D:1      | trckry the Deep Elf Arcane Marksman began the quest for the
                  | Orb.
     0 | D:1      | Reached XP level 1. HP: 11/11 MP: 5/5
   631 | D:1      | Reached XP level 2. HP: 5/16 MP: 4/6
  1609 | D:2      | Slain by a hound

Illustrated notes

Levels and vault maps discovered:
D:1:      psy_arrival_radial01, layout_basic, minmay_tromino_i2
D:2:      layout_rooms, serial_shops, shop

Skill      XL: |  1 |
---------------+----+-----
Bows           | 3 |  3.6
Fighting       | |  0.7
Short Blades   | |  0.3
Dodging        | |  2.4
Spellcasting   | |  1.5
Hexes          | |  4.6

Action                   || total
-------------------------++-------
 Fire: Shortbow          ||    56
 Cast: Corona            ||     6
Armor: Robe              ||     3
Dodge: Dodged            ||    23

Table legend: (Time is in decaauts)
 A = Elapsed time spent in this place.
 B = Non-inter-level travel time spent in this place.
 C = Inter-level travel time spent in this place.
 D = Time resting spent in this place.
 E = Time spent auto-exploring this place.
 F = Levels seen in this place.
 G = Mean time per level.
                   A        B        C        D        E       F      G
               +--------+--------+--------+--------+--------+-----+--------+
         Total |   1614 |   1590 |     24 |      0 |   1365 |   2 |  807.0 |
       Dungeon |   1614 |   1590 |     24 |      0 |   1365 |   2 |  807.0 |
               +--------+--------+--------+--------+--------+-----+--------+

Top non-repeatable levels by time:
     D:1: 1571 daAuts
     D:2: 43 daAuts
